 Dungeon Crawl Stone Soup version 0.30-a0-964-gd452b5e7fa (webtiles) character file.

Game seed: 5416320166278548998

12499 Ahpoh the Carver (level 11, 0/72 HPs)
             Began as a Gargoyle Gladiator on Mar 30, 2023.
             Was an Elder of Wu Jian.
             Shot with an arrow by a centaur warrior (11 damage)
             ... on level 11 of the Dungeon.
             The game lasted 00:44:47 (12585 turns).

Ahpoh the Carver (Gargoyle Gladiator)              Turns: 12585, Time: 00:44:48

Health: 0/72       AC: 23    Str: 18    XL:     11   Next: 94%
Magic:  0/11       EV:  9    Int:  9    God:    Wu Jian [****..]
Gold:   871        SH:  0    Dex: 15    Spells: 10/10 levels left

rFire   + . .      SeeInvis .    M - +4 great sword (freeze)
rCold   + . .      Faith    .    (shield currently unavailable)
rNeg    + . .      Spirit   +    b - +0 chain mail {rC+}
rPois   ∞          Reflect  .    k - +2 hat
rElec   +          Rampage  .    (no cloak)
rCorr   .                        q - +0 pair of gloves
Will    .....                    T - +0 pair of boots Stlth
                                 i - amulet of guardian spirit
HPRegen 0.32/turn                A - ring of protection from fire
MPRegen 0.12/turn                (no ring)

@: no status effects
A: sickness immunity, AC +8, negative energy resistance 1, electricity
resistance, torment resistance 1, petrification resistance
a: Renounce Religion, Wall Jump, Serpent's Lash


You were on level 11 of the Dungeon.
You worshipped Wu Jian.
Wu Jian was greatly pleased with you.
You visited 2 branches of the dungeon, and saw 12 of its levels.

You collected 968 gold pieces.
You spent 97 gold pieces at shops.

Inventory:

Hand Weapons
 u - the +0 battleaxe "Ahpoh's Curse" {venom, rElec Int-5 Dex+2 SInv}
   (You took it off a hobgoblin on level 3 of the Dungeon)

   Int:       It affects your intelligence (-5).
   Dex:       It affects your dexterity (+2).
   rElec:     It insulates you from electricity.
   SInv:      It lets you see invisible.
 M - a +4 great sword of freezing (weapon)
Missiles
 d - 2 throwing nets
 e - a javelin (quivered)
Armour
 b - a +0 chain mail of cold resistance (worn)
 k - a +2 hat (worn)
 q - a +0 pair of gloves (worn)
 R - a +0 chain mail
 T - a +0 pair of boots (worn)
Jewellery
 i - an amulet of guardian spirit (around neck)
 x - a ring of positive energy
 A - a ring of protection from fire (left hand)
 B - a ring of ice
 G - a ring of protection from cold
 K - an amulet of magic regeneration
 P - a ring of positive energy
 S - a ring of fire
Wands
 w - a wand of roots (11)
 F - a wand of digging (15)
 O - a wand of flame (4)
Scrolls
 g - 2 scrolls of enchant armour
 l - 3 scrolls of teleportation
 m - 2 scrolls of torment
 o - a scroll of vulnerability
 p - 2 scrolls of butterflies
 r - 3 scrolls of immolation
 s - a scroll of fog
 t - a scroll of noise
 v - 5 scrolls of magic mapping
 E - a scroll of fear
 I - a scroll of amnesia
Potions
 f - a potion of curing
 j - 3 potions of heal wounds {unknown}
 n - 3 potions of flight {unknown}
 z - 3 potions of lignification {unknown}
 C - a potion of berserk rage {unknown}
 D - 2 potions of brilliance {unknown}
 H - a potion of haste
 J - 2 potions of ambrosia {unknown}
 L - 3 potions of mutation {unknown}


   Skills:
 + Level 9.8 Fighting
 + Level 12.6 Long Blades
 + Level 2.2 Throwing
 + Level 8.5 Armour
 + Level 5.1 Dodging
 + Level 1.8 Stealth


You had 10 spell levels left.
You didn't know any spells.
Your spell library contained the following spells:

 Spells                   Type           Power      Damage    Failure   Level
 Magic Dart               Conj           0%         1d3       98%         1
 Sandblast                Erth           0%         2d4       98%         1
 Summon Small Mammal      Summ           0%         N/A       98%         1
 Blink                    Tloc           0%         N/A       99%         2
 Call Imp                 Summ           0%         N/A       99%         2
 Lesser Beckoning         Tloc           0%         N/A       99%         2
 Momentum Strike          Conj/Tloc      0%         3d8       99%         2
 Passwall                 Tmut/Erth      0%         N/A       99%         2
 Call Canine Familiar     Summ           0%         N/A       100%        3
 Frozen Ramparts          Ice            0%         1d1       100%        3
 Mephitic Cloud           Conj/Pois/Air  0%         N/A       100%        3
 Portal Projectile        Hex/Tloc       0%         N/A       100%        3
 Stone Arrow              Conj/Erth      0%         3d7       100%        3
 Summon Guardian Golem    Hex/Summ       0%         N/A       100%        3
 Ice Form                 Ice/Tmut       0%         N/A       100%        4
 Leda's Liquefaction      Hex/Erth       0%         N/A       100%        4
 Petrify                  Tmut/Erth      0%         N/A       100%        4
 Summon Ice Beast         Ice/Summ       0%         N/A       100%        4
 Irradiate                Conj/Tmut      0%         3d11      100%        5
 Sublimation of Blood     Necr           Unusable   N/A       N/A         2

Dungeon Overview and Level Annotations

Branches:
Dungeon (11/15)            Temple (1/1) D:4             Orc (0/2) D:11
   Lair: D:8-11

Altars:
Ashenzari
Cheibriados
Dithmenos
Elyvilon
Fedhas
Gozag
Hepliaklqana
Makhleb
Nemelex Xobeh
Okawaru
Qazlal
Ru
Trog
Uskayaw
Vehumet
Wu Jian
Xom
Zin
The Shining One

Shops:
D:1 *   D:2 ?   D:3 !

Annotations:
D:6 3 runed translucent doors, Iniera's ghost, novice OpFi


Innate Abilities, Weirdness & Mutations

You are immune to sickness and miasma.
Your stone body is resilient. (AC +8)
You are immune to poison.
You resist negative energy. (rN+)
You are resistant to electric shocks. (rElec)
You are resistant to unholy torment.
You are immune to petrification.


Message History

You feel better.
You feel less exhausted.
The barbed spikes dig painfully into your body as you move.
The barbed spikes dig painfully into your body as you move.
* * * LOW HITPOINT WARNING * * *
You feel better.
You carefully extract the barbed spikes from your body.
The killer bee barely misses you. The killer bee closely misses you.
The killer bee closely misses you.
You see here a +0 short sword.
The cyclops shouts!
The centaur warrior shouts!
The centaur warrior shoots an arrow.
The arrow hits you!
The killer bee stings you but does no damage.
The centaur warrior shoots an arrow.
The arrow hits you but does no damage.
The centaur warrior shoots an arrow.
The arrow hits you but does no damage.
The killer bee stings you but does no damage.
An orc warrior comes into view.
It is wielding a +2 halberd of holy wrath.
The orc warrior shouts!
The centaur warrior shoots an arrow.
The arrow hits you but does no damage. The killer bee stings you.
* * * LOW HITPOINT WARNING * * *
The killer bee attacks as you move away!
The killer bee misses you.
The centaur warrior shoots an arrow.
The arrow hits you!
* * * LOW HITPOINT WARNING * * *
The centaur warrior shoots an arrow.
The arrow hits you!
* * * LOW HITPOINT WARNING * * *
The killer bee barely misses you.
You feel better.
The killer bee stings you but does no damage.
The centaur warrior shoots an arrow.
The arrow hits you but does no damage.
The cyclops throws a large rock.
The large rock hits you!
* * * LOW HITPOINT WARNING * * *
The killer bee closely misses you.
You feel better.
The centaur warrior shoots an arrow.
The arrow hits you but does no damage.
The killer bee stings you but does no damage.
The centaur warrior shoots an arrow.
The arrow hits you!
You die...

#.#.............#
................# #.#
................###..
.......).>..........#
..).....).......###.####
........).......##.....#
..................C....###
...)........c............####
...#.####..#..o)@y..........#
..##.#####.#.###..[.....>##.#
..#...#......# ##..H....###.#
############## ####c#### #.#
#.♣.♣.# #.# ♣# #..♣..# #.# .#
#[....# #.# ♣# #(H♣c.# #.#
#.♣.♣.# #.#


You could see a centaur warrior, a manticore, a cyclops, an orc warrior, a
centaur and a killer bee.

Vanquished Creatures
  A two-headed ogre (D:8)
  A skeletal warrior (D:11)
  Lodul (D:9)
  A flayed ghost (D:11)
  An ugly thing (D:11)
  A cyclops (D:11)
  2 gargoyles (D:11)
  An efreet (D:11)
  A troll (D:11)
  A hornet (D:8)
  A vampire (D:11)
  A shadow (D:10)
  11 yaks
  2 wraiths
  2 steam dragons (D:9)
  A vampire mosquito (D:11)
  An acid dragon (D:9)
  7 orc warriors
  An ice beast (D:5)
  2 water moccasins (D:7)
  Duvessa (D:7)
  A sky beast (D:5)
  8 ogres
  2 black bears
  3 centaurs
  A phantom (D:4)
  4 kobold brigands
  3 bullfrogs
  2 scorpions (D:5)
  13 wights
  Dowan (D:6)
  10 killer bees
  9 howler monkeys
  4 hounds
  4 orc priests
  2 sleepcaps
  Terence (D:3)
  8 iguanas
  18 orc wizards
  4 gnolls (D:5)
  6 adders
  A white imp (D:5)
  2 ufetubi
  2 worms
  A dart slug (D:1)
  72 orcs
  8 bats
  4 endoplasms
  3 giant cockroaches (D:3)
  13 goblins
  8 hobgoblins
  8 quokkas
  5 ball pythons
  A frilled lizard (D:2)
  34 kobolds
  3 rats
310 creatures vanquished.

Vanquished Creatures (others)
  3 fungi (D:3)
  13 plants
16 creatures vanquished.

Grand Total: 326 creatures vanquished

Notes
Turn   | Place    | Note
-------+----------+-------------------------------------------
     0 | D:1      | Ahpoh the Gargoyle Gladiator began the quest for the Orb.
     0 | D:1      | Reached XP level 1. HP: 12/12 MP: 1/1
   185 | D:1      | Reached XP level 2. HP: 18/18 MP: 2/2
   296 | D:1      | Reached skill level 3 in Long Blades
   490 | D:1      | Found Ipotutzi's Assorted Antiques.
   582 | D:1      | Reached XP level 3. HP: 22/22 MP: 3/3
  1008 | D:2      | Identified the +1 robe of the Solstice {*Corrode rElec
                  | Str+2}
  1370 | D:2      | Found Bain's Magic Scroll Shop.
  1565 | D:2      | Bought a scroll of enchant armour for 97 gold pieces
  1700 | D:3      | Noticed a black bear
  1705 | D:3      | Reached XP level 4. HP: 27/27 MP: 4/4
  1714 | D:3      | Killed a black bear
  1715 | D:3      | Reached skill level 1 in Armour
  1715 | D:3      | Reached XP level 5. HP: 18/32 MP: 2/5
  1735 | D:3      | Identified the +0 battleaxe "Ahpoh's Curse" {venom, rElec
                  | Int-5 Dex+2 SInv}
  1889 | D:3      | Found a shimmering altar of Xom.
  1891 | D:3      | Noticed Terence
  1940 | D:3      | Reached skill level 4 in Long Blades
  2019 | D:3      | Found Amiwn's Distillery.
  2156 | D:3      | Found a faded altar of an unknown god.
  2285 | D:3      | Killed Terence
  2286 | D:3      | Reached XP level 6. HP: 34/37 MP: 4/6
  3144 | D:4      | Reached skill level 1 in Stealth
  3648 | D:4      | Reached XP level 7. HP: 36/43 MP: 5/7
  3752 | D:4      | Reached skill level 5 in Long Blades
  3954 | D:4      | Found a staircase to the Ecumenical Temple.
  3959 | Temple   | Entered the Ecumenical Temple
  3972 | Temple   | Became a worshipper of the Wu Jian Council
  4208 | D:4      | Found a sparkling altar of Nemelex Xobeh.
  4346 | D:5      | Entered Level 5 of the Dungeon
  4346 | D:5      | You fall into a shaft and drop 3 floors!
  4474 | D:8      | Noticed a two-headed ogre
  4778 | D:8      | Reached XP level 8. HP: 48/48 MP: 8/8
  4811 | D:7      | Noticed Duvessa
  4812 | D:7      | Noticed Dowan
  4881 | D:7      | Reached skill level 6 in Long Blades
  5099 | D:5      | Reached * piety under Wu Jian
  5240 | D:5      | Reached skill level 5 in Fighting
  5336 | D:5      | Reached skill level 7 in Long Blades
  5674 | D:5      | Reached ** piety under Wu Jian
  5729 | D:5      | Reached XP level 9. HP: 54/54 MP: 9/9
  5796 | D:5      | Found a hide-covered altar of Uskayaw.
  6349 | D:6      | Noticed Iniera's ghost (novice OpFi)
  6352 | D:6      | Noticed a cyclops
  6378 | D:6      | Found a runed translucent gate.
  6378 | D:6      | Found a runed translucent gate.
  6378 | D:6      | Found a runed translucent gate.
  6575 | D:6      | Found a stormy altar of Qazlal.
  6592 | D:6      | Reached skill level 8 in Long Blades
  7250 | D:7      | Reached skill level 5 in Armour
  7658 | D:7      | Killed Duvessa
  7879 | D:6      | Killed Dowan
  8411 | D:8      | Killed a two-headed ogre
  8412 | D:8      | Reached skill level 9 in Long Blades
  8427 | D:8      | Noticed a hornet
  8436 | D:8      | Reached XP level 10. HP: 54/61 MP: 10/10
  8446 | D:8      | Reached *** piety under Wu Jian
  8662 | D:8      | Found an iron altar of Okawaru.
  9432 | D:8      | Reached skill level 10 in Long Blades
  9562 | D:9      | Reached **** piety under Wu Jian
  9708 | D:9      | Found a blossoming altar of Fedhas.
  9711 | D:9      | Found a snail-covered altar of Cheibriados.
  9713 | D:9      | Found a hazy altar of Hepliaklqana.
  9808 | D:9      | Found a burning altar of Makhleb.
 10209 | D:10     | Entered Level 10 of the Dungeon
 10234 | D:10     | Noticed Lodul
 10385 | D:9      | Killed Lodul
 10386 | D:9      | Reached skill level 5 in Dodging
 10501 | D:9      | Reached skill level 11 in Long Blades
 10706 | D:10     | Reached XP level 11. HP: 68/68 MP: 11/11
 11332 | D:11     | Identified the +4 hand axe of Circularity {flame, Fly rF+
                  | SInv}
 11349 | D:11     | Noticed a cyclops
 11361 | D:11     | Killed a cyclops
 11379 | D:11     | Reached skill level 12 in Long Blades
 11607 | D:11     | Found a staircase to the Orcish Mines.
 11685 | D:11     | Noticed a skeletal warrior
 11709 | D:11     | Killed a skeletal warrior
 11725 | D:11     | Identified the +1 ring mail of the Elven Halls {rC++}
 11824 | D:11     | Noticed a cyclops
 11824 | D:11     | Noticed a centaur warrior
 12325 | D:11     | Noticed a purple ugly thing
 12331 | D:11     | Killed a purple ugly thing
 12396 | D:11     | Noticed a manticore
 12407 | D:11     | Noticed a skeletal warrior
 12409 | D:11     | Noticed a boulder beetle
 12559 | D:11     | Noticed a flayed ghost
 12560 | D:11     | Noticed a manticore
 12564 | D:11     | Killed a flayed ghost
 12584 | D:11     | HP: 3/72 [cyclops/large rock (13)]
 12585 | D:11     | Shot with an arrow by a centaur warrior

Illustrated notes

Levels and vault maps discovered:
D:1:      reono_arrival_mine, layout_loops_ring, serial_shops,
          nicolae_shop_stone
D:2:      layout_basic, serial_shops, nicolae_square_shop
D:3:      minmay_inner_zag, layout_basic, brannock_xom_greatest_gift,
          serial_shops, shop, shapermc_ecumenical_altar_acropolis,
          patterned_corridor, uniq_terence
D:4:      layout_basic, nemelex_dance_club_becter, temple_doors_ab, hex_large,
          minmay_a_box_with_orc_wizards_in_it
D:5:      corexii_shantytown, layout_cave_pools, lemuel_round_altar,
          grunt_ministairs_9, kennysheep_small_square
D:6:      layout_loops_corners, nicolae_qazlal_scattered_showers,
          gammafunk_ghost_split
D:7:      layout_cave_pools, uniq_duvessa
D:8:      layout_rooms, nicolae_overflow_crystal_walls
D:9:      layout_long_grid, bloody_makhleb, minitemple, minivault_23
D:10:     layout_rooms, uniq_lodul
D:11:     nzn_winding_woodlands_large [nzn_winding_woodlands_hourglass,
          nzn_winding_woodlands_5x15_twine, nzn_winding_woodlands_5x5_default,
          nzn_winding_woodlands_center_garden,
          nzn_winding_woodlands_15x15_eel_pit,
          nzn_winding_woodlands_center_diamonds,
          nzn_winding_woodlands_5x5_cross, nzn_winding_woodlands_5x15_longhouse,
          nzn_winding_woodlands_5x5_closed_star], layout_loops_ring,
          lair_entry_dummy, david_orc_3
Temple:   cyrus_circular_temple

Skill      XL: |  1  2  3  4  5  6  7  8  9 10 11 |
---------------+----------------------------------+-----
Long Blades    | 3 4 5 7 9 11 12 | 12.6
Fighting       | 3 4 5 6 8 9 |  9.8
Armour         | 1 2 4 6 7 8 |  8.5
Dodging        | 3 4 5 |  5.1
Throwing       | 2 |  2.2
Stealth        | 1 |  1.8

Action                     |  1- 3 |  4- 6 |  7- 9 | 10-12 || total
---------------------------+-------+-------+-------+-------++-------
  Melee: Long sword        |   119 |   229 |   612 |       ||   960
         Punch             |     2 |     3 |    12 |       ||    17
         Great sword       |       |       |    16 |   396 ||   412
  Throw: Javelin           |       |     2 |     1 |     2 ||     5
         Throwing net      |       |     2 |     1 |     2 ||     5
 Invoke: Serpent's Lash    |       |       |       |     3 ||     3
Ability: Lunge             |       |       |    35 |    33 ||    68
         Whirlwind         |       |       |    32 |     9 ||    41
    Use: Scroll            |     3 |     4 |    14 |    10 ||    31
         Potion            |       |       |     1 |     6 ||     7
 Armour: Leather armour    |    47 |       |       |       ||    47
         Scale mail        |    11 |   139 |   386 |    27 ||   563
         Robe              |     7 |       |       |       ||     7
         Chain mail        |       |       |       |   251 ||   251
  Dodge: Dodged            |   122 |   132 |   380 |   230 ||   864

Table legend: (Time is in decaauts)
 A = Elapsed time spent in this place.
 B = Non-inter-level travel time spent in this place.
 C = Inter-level travel time spent in this place.
 D = Time resting spent in this place.
 E = Time spent auto-exploring this place.
 F = Levels seen in this place.
 G = Mean time per level.
                   A        B        C        D        E       F      G
               +--------+--------+--------+--------+--------+-----+--------+
         Total |  12774 |  12580 |    194 |   2087 |   5971 |  12 | 1064.5 |
       Dungeon |  12748 |  12554 |    194 |   2087 |   5971 |  11 | 1158.9 |
        Temple |     26 |     26 |      0 |      0 |      0 |   1 |   26.0 |
               +--------+--------+--------+--------+--------+-----+--------+

Top non-repeatable levels by time:
     D:4: 1518 daAuts
     D:8: 1397 daAuts
     D:3: 1382 daAuts
     D:5: 1356 daAuts
     D:9: 1343 daAuts
     D:6: 1146 daAuts
    D:10: 1115 daAuts
     D:7: 962 daAuts
    D:11: 910 daAuts
     D:2: 875 daAuts
     D:1: 739 daAuts
  Temple: 26 daAuts
